 Dungeon Crawl Stone Soup version 0.25-a0-1056-g2efb326896 (webtiles) character file.

Game seed: 5615352858583286984, levelgen mode: deterministic

1 Esekla the Magician (level 1, -2/11 HPs)
             Began as an Octopode Wizard on May 13, 2020.
             Slain by a kobold (4 damage)
             ... on level 2 of the Dungeon.
             The game lasted 00:01:18 (46 turns).

Esekla the Magician (Octopode Wizard)                 Turns: 46, Time: 00:01:19

Health: -2/11      AC:  1    Str:  6    XL:     1   Next: 20%
Magic:  2/4        EV: 13    Int: 20    God:
Gold:   2          SH:  0    Dex: 10    Spells: 5/6 levels left

rFire    . . .     SeeInvis .   b - +0 short sword
rCold    . . .     Gourm    .   (no shield)
rNeg     . . .     Faith    .   a - +0 hat
rPois    .         Spirit   .   (no amulet)
rElec    .         Reflect  .   (no ring)
rCorr    .         Harm     .   (no ring)
MR       .....                  (no ring)
Stlth    +++.......             (no ring)
HPRegen  0.03/turn              (no ring)
MPRegen  0.09/turn              (no ring)
                                (no ring)
                                (no ring)

@: very slightly contaminated
A: almost no armour, stealthy swim, amphibious, 8 rings, constrict 8, camouflage
1, gelatinous body 1
a: no special abilities


You were on level 2 of the Dungeon.
You were not hungry.

You visited 1 branch of the dungeon, and saw 2 of its levels.

You collected 2 gold pieces.

Inventory:

Hand Weapons
 b - a +0 short sword (weapon)
Armour
 a - a +0 hat (worn)
Comestibles
 c - a ration


   Skills:
 + Level 2.0 Dodging
 - Level 2.6 Stealth
 * Level 3.0 Spellcasting
 * Level 1.0 Conjurations
   Level 1.0 Summonings
   Level 1.0 Translocations


You had 5 spell levels left.
You knew the following spells:

 Your Spells              Type           Power        Failure   Level  Hunger
a - Magic Dart            Conj           #...         10%         1    None

Your spell library contained the following spells:

 Spells                   Type           Power        Failure   Level  Hunger
 Blink                    Tloc           N/A          14%         2    ##.....
 Call Imp                 Summ           #.......     14%         2    ##.....
 Slow                     Hex            #.......     22%         2    ##.....
 Conjure Flame            Conj/Fire      #.......     34%         3    ###....
 Mephitic Cloud           Conj/Pois/Air  #.......     36%         3    ###....


Dungeon Overview and Level Annotations

Branches:
Dungeon (2/15)

Altars:


Innate Abilities, Weirdness & Mutations

You cannot wear most types of armour.
You are very stealthy in the water. (Stealth+)
You are amphibious.
You can wear up to eight rings at the same time.
You can use your tentacles to constrict eight enemies at once.
Your skin changes colour to match your surroundings (Stealth+).
Your rubbery body absorbs attacks. (AC +1, EV +1)


Message History

b - a +0 short sword The kobold closely misses you.
b - a +0 short sword (weapon)
Casting: Magic Dart (safe; 10% risk of failure)
Confirm with . or Enter, or press ? or * to list all spells.
Okay, then.
You closely miss the kobold. Your grab misses the kobold.
The kobold misses you. The giant cockroach misses you.
You hit the kobold but do no damage. Your grab misses the kobold.
The giant cockroach barely misses you. The kobold hits you.
* * * LOW HITPOINT WARNING * * *
You hit the giant cockroach. You grab the giant cockroach.
Your squeeze misses the giant cockroach.
The giant cockroach is lightly wounded.
You constrict the giant cockroach, but do no damage.
The giant cockroach waves its antennae.
The giant cockroach misses you. The kobold hits you.
* * * LOW HITPOINT WARNING * * *
The giant cockroach barely misses you. The kobold hits you.
You die...

.#.#.##.
.......#
#......#
#......##
#........
#......#
#......#
#Ks....#
#@.....#
#....$.#
########


You could see a giant cockroach and a kobold.

Vanquished Creatures
  A kobold (D:2)
1 creature vanquished.

Notes
Turn   | Place    | Note
-------+----------+-------------------------------------------
     0 | D:1      | Esekla the Octopode Wizard began the quest for the Orb.
     0 | D:1      | Reached XP level 1. HP: 11/11 MP: 4/4
    46 | D:2      | Slain by a kobold

Illustrated notes

Levels and vault maps discovered:
D:1:      heliophobic_arrival_henge, layout_rooms, minmay_split_cup_large
D:2:      layout_rooms, brannock_xom_greatest_gift, first_ration,
          guppyfry_early_orc_mine, uniq_sigmund

Action                   || total
-------------------------++-------
Melee: Short sword       ||     3
       Unarmed           ||     3
       Constrict         ||     1
 Cast: Magic Dart        ||     2
Armor: Skin              ||     1
Dodge: Dodged            ||    14

Table legend:
 A = Non-vault XP
 B = Vault XP
 C = Vault XP percentage of total XP
 D = Non-vault monster count
 E = Vault monster count
 F = Vault count percentage of total count
                 A         B        C        D         E       F
            +---------+---------+-------+---------+---------+-------
      Total |       2 |       0 |   0.0 |       1 |       0 |   0.0
            +---------+---------+-------+---------+---------+-------
        D:2 |       2 |       0 |   0.0 |       1 |       0 |   0.0
            +---------+---------+-------+---------+---------+-------
